 Dungeon Crawl Stone Soup version 0.27-a0-1180-g7fc4abc71e (webtiles) character file.

Game seed: 11939364402242732759

9977 Glokmah the Thrower (level 11, -1/84 HPs)
             Began as a Demonspawn Arcane Marksman on May 17, 2021.
             Was a High Priest of Okawaru.
             Slain by an eight-headed hydra (5 damage)
             ... on level 1 of the Lair of Beasts.
             The game lasted 00:50:17 (18228 turns).

Glokmah the Thrower (Demonspawn Arcane Marksman)   Turns: 18228, Time: 00:50:18

Health: -1/84      AC:  9    Str: 11    XL:     11   Next: 30%
Magic:  0/17       EV: 16    Int: 20    God:    Okawaru [*****.]
Gold:   189        SH:  0    Dex: 17    Spells: 0/18 levels left

rFire    . . .     SeeInvis .   b - +5 dagger (venom)
rCold    . . .     Faith    .   (no shield)
rNeg     . . .     Spirit   +   C - +0 steam dragon scales
rPois    .         Reflect  .   (no helmet)
rElec    .         Harm     .   v - +0 cloak
rCorr    .         Rampage  .   (no gloves)
Will     .....                  E - +0 pair of boots
Stlth    +++.......             (no amulet)
HPRegen  0.24/turn              e - +6 ring of intelligence
MPRegen  0.30/turn              K - +4 ring of evasion

@: lethally poisoned (-1 -> -11), about to teleport
A: talons 2, molten scales 1, magic shield, magic regeneration, magic link
a: Renounce Religion, Heroism, Finesse


You were on level 1 of the Lair of Beasts.
You worshipped Okawaru.
Okawaru was extremely pleased with you.
You visited 2 branches of the dungeon, and saw 11 of its levels.

You collected 530 gold pieces.
You spent 341 gold pieces at shops.

Inventory:

Hand Weapons
 a - a +4 dagger
 b - a +5 dagger of venom (weapon)
 t - a +2 hunting sling of flaming
 D - a +2 scimitar of electrocution
 H - a +2 shortbow of freezing
Missiles
 g - 2 silver javelins
 i - 2 curare-tipped darts
 k - 42 poisoned darts
 l - a throwing net
 o - 9 boomerangs
 s - 15 javelins (quivered)
 u - 66 sling bullets
 w - 2 atropa-tipped darts
Armour
 j - a +0 hat
 v - a +0 cloak (worn)
 C - +0 steam dragon scales (worn)
 E - a +0 pair of boots (worn)
 J - a +0 hat of willpower
Jewellery
 e - a +6 ring of intelligence (left hand)
 n - a ring of resist corrosion
 x - a ring of positive energy
 B - a ring of ice
 K - a +4 ring of evasion (right hand)
Wands
 q - a wand of polymorph (11)
 y - a wand of iceblast (14)
 z - a wand of flame (12)
Scrolls
 h - a scroll of immolation
 m - 4 scrolls of noise
 A - 2 scrolls of fog
 I - 2 scrolls of teleportation
Potions
 c - a potion of mutation {unknown}
 d - 3 potions of attraction
 f - a potion of heal wounds
 p - 2 potions of resistance {unknown}
 r - a potion of lignification {unknown}
 F - 2 potions of curing
 G - 2 potions of brilliance {unknown}
 L - 2 potions of degeneration {unknown}


   Skills:
 + Level 7.2 Fighting
 * Level 7.2 Short Blades
 - Level 8.0 Throwing
 - Level 1.7 Dodging
 - Level 5.6 Stealth
 - Level 4.1 Spellcasting
 - Level 6.0 Hexes
 - Level 2.9 Translocations
 + Level 1.3 Transmutations
 - Level 2.0 Fire Magic
 * Level 5.3 Poison Magic


You couldn't memorise any spells.
You knew the following spells:

 Your Spells              Type           Power      Damage    Failure   Level
a - Corona                Hex            31%        N/A       1%          1
b - Inner Flame           Hex/Fire       20%        N/A       8%          3
c - Portal Projectile     Hex/Tloc       44%        N/A       6%          3
d - Slow                  Hex            28%        N/A       1%          2
e - Poisonous Vapours     Pois/Air       28%        N/A       6%          2
f - Ignite Poison         Fire/Tmut/Pois 15%        N/A       12%         3
g - Olgreb's Toxic Radia  Pois           25%        N/A       14%         4

Your spell library contained the following spells:

 Spells                   Type           Power      Damage    Failure   Level
 Sting                    Tmut/Pois      68%        1d6       3%          1
 Cause Fear               Hex            14%        N/A       11%         4
 Freeze                   Ice            16%        1d4       13%         1
 Mephitic Cloud           Conj/Pois/Air  11%        N/A       19%         3
 Frozen Ramparts          Ice            8%         1d2       36%         3
 Ozocubu's Armour         Ice            4%         N/A       36%         3
 Leda's Liquefaction      Hex/Erth       8%         N/A       36%         4
 Metabolic Englaciation   Hex/Ice        8%         N/A       71%         5
 Hailstorm                Conj/Ice       4%         3d4       77%         4


Dungeon Overview and Level Annotations

Branches:
Dungeon (10/15)            Temple (0/1) D:6            Lair (1/6) D:10
    Orc (0/2) D:9

Altars:
Ashenzari
Fedhas
Makhleb
Nemelex Xobeh
Okawaru
Ru
Trog

Shops:
D:2 (   D:4 *   D:8 *


Innate Abilities, Weirdness & Mutations

You have razor-sharp toenails.
You are partially covered in molten scales. (AC +2)
When hurt, damage is shared between your health and your magic reserves.
You regenerate magic rapidly.
When low on magic, you restore magic in place of health.


Message History

As you read the scroll of teleportation, it crumbles to dust.
You feel strangely unstable.
You feel very sick. The eight-headed hydra bites you! x2
* * * LOW HITPOINT WARNING * * *
The eight-headed hydra barely misses you.
The eight-headed hydra closely misses you.
The eight-headed hydra bites you.
* * * LOW HITPOINT WARNING * * *
The eight-headed hydra barely misses you.
The eight-headed hydra closely misses you. x2
The yak gores you!
* * * LOW HITPOINT WARNING * * *
The yak barely misses you. The cane toad misses you.
You feel much better.
You feel very sick.
The eight-headed hydra closely misses you.
The eight-headed hydra bites you but does no damage.
The eight-headed hydra bites you!
* * * LOW HITPOINT WARNING * * *
The eight-headed hydra bites you!
* * * LOW HITPOINT WARNING * * *
The eight-headed hydra bites you.
The eight-headed hydra bites you but does no damage.
The eight-headed hydra closely misses you.
The eight-headed hydra bites you.
* * * LOW HITPOINT WARNING * * *
The yak barely misses you. The cane toad misses you. The yak barely misses you.
Okay, then.
You feel much better.
* * * LOW HITPOINT WARNING * * *
You feel very sick. The eight-headed hydra bites you!
* * * LOW HITPOINT WARNING * * *
The eight-headed hydra misses you.
The eight-headed hydra bites you but does no damage. x2
The eight-headed hydra closely misses you.
The eight-headed hydra bites you but does no damage.
The eight-headed hydra misses you. The eight-headed hydra bites you.
You die...

### #####
#############P###...###
......................
.....................
#..#####...######..P# #..#
#..######...##
..####..#####..###.##...#.
#........Y.D...............
.........Y@................
P...######.F#########......
#.. #...# #P...... .. #..##
##...... # #..# #......
#..# #...... .... ........
.... ........


You could see an eight-headed hydra, 2 yaks and a cane toad.

Vanquished Creatures
  Urug (D:10)
  Pikel (D:7)
  A deep elf pyromancer (D:9)
  Joseph (D:7)
  Prince Ribbit (D:7)
  A hornet (D:10)
  Grinder (D:6)
  Eustachio (D:6)
  14 yaks
  2 wyverns
  2 vampire mosquitoes
  2 humans (D:7)
  2 steam dragons (D:8)
  An acid dragon (D:8)
  2 water moccasins
  A black bear (D:4)
  5 orc warriors
  2 ice beasts
  2 sky beasts
  An ogre (D:7)
  4 centaurs
  A lemure (D:7)
  3 kobold brigands
  4 bullfrogs
  A wyvern zombie (D:5)
  A gnoll sergeant (D:7)
  A water moccasin zombie (D:6)
  A water moccasin skeleton (D:4)
  8 killer bees
  8 wights
  2 howler monkeys
  A bullfrog zombie (D:5)
  3 centaur zombies
  Crazy Yiuf (D:2)
  A jelly (D:6)
  4 hounds
  3 orc priests
  A bullfrog skeleton (D:6)
  3 centaur skeletons
  Jessica (D:2)
  2 iguanas
  7 orc wizards
  A killer bee zombie (D:6)
  3 adders
  5 gnolls (D:7)
  2 white imps
  An ufetubus (D:7)
  4 worms
  3 dart slugs
  22 orcs
  13 endoplasms
  2 giant cockroaches (D:2)
  9 goblins
  6 hobgoblins
  10 jackals
  5 quokkas
  6 ball pythons
  6 bats
  5 frilled lizards
  21 kobolds
  4 rats
233 creatures vanquished.

Vanquished Creatures (others)
  A fungus (Lair:1)
  15 plants
16 creatures vanquished.

Grand Total: 249 creatures vanquished

Notes
Turn   | Place    | Note
-------+----------+-------------------------------------------
     0 | D:1      | Glokmah the Demonspawn Arcane Marksman began the quest for
                  | the Orb.
     0 | D:1      | Reached XP level 1. HP: 15/15 MP: 2/2
   239 | D:1      | Reached skill level 2 in Throwing
   420 | D:1      | Gained mutation: You have sharp toenails. [demonic
                  | ancestry]
   420 | D:1      | Reached XP level 2. HP: 10/21 MP: 3/3
  1062 | D:1      | Reached XP level 3. HP: 18/26 MP: 5/5
  2535 | D:2      | Learned a level 3 spell: Inner Flame
  2568 | D:2      | Found a faded altar of an unknown god.
  2594 | D:2      | Became a worshipper of Warmaster Okawaru
  2594 | D:2      | Reached * piety under Okawaru
  2725 | D:2      | Gained mutation: You regenerate magic rapidly. [demonic
                  | ancestry]
  2725 | D:2      | Reached XP level 4. HP: 10/33 MP: 6/6
  3092 | D:2      | Noticed Jessica
  3099 | D:2      | Killed Jessica
  3853 | D:2      | Found Orerint's Weapon Emporium.
  4042 | D:2      | Found a runed translucent door.
  4043 | D:2      | Noticed Crazy Yiuf
  4049 | D:2      | Killed Crazy Yiuf
  4050 | D:2      | Reached skill level 3 in Throwing
  4050 | D:2      | Reached skill level 1 in Fire Magic
  4050 | D:2      | Reached XP level 5. HP: 38/38 MP: 4/7
  4750 | D:3      | Found a sparkling altar of Nemelex Xobeh.
  5648 | D:4      | Found Warr's General Store.
  5826 | D:4      | Gained mutation: You are partially covered in molten
                  | scales. (AC +2) [demonic ancestry]
  5826 | D:4      | Reached XP level 6. HP: 46/46 MP: 6/9
  6953 | D:4      | Learned a level 3 spell: Portal Projectile
  6954 | D:5      | Entered Level 5 of the Dungeon
  7117 | D:5      | Noticed an ice beast
  7127 | D:5      | Killed an ice beast
  7127 | D:5      | Reached ** piety under Okawaru
  7128 | D:5      | Reached skill level 4 in Throwing
  7128 | D:5      | Gained mutation: You have razor-sharp toenails. [demonic
                  | ancestry]
  7128 | D:5      | Reached XP level 7. HP: 30/51 MP: 3/10
  7407 | D:5      | Found a broken altar of Ashenzari.
  7480 | D:5      | Reached skill level 5 in Hexes
  8230 | D:6      | Found a staircase to the Ecumenical Temple.
  8375 | D:6      | Noticed Grinder
  8388 | D:6      | Killed Grinder
  8389 | D:6      | Reached skill level 5 in Throwing
  8506 | D:6      | Found a sacrificial altar of Ru.
  8627 | D:6      | Gained mutation: When hurt, damage is shared between your
                  | health and your magic reserves. [demonic ancestry]
  8627 | D:6      | Reached XP level 8. HP: 59/59 MP: 9/13
  8676 | D:6      | Noticed Eustachio
  9042 | D:6      | Killed Eustachio
  9079 | D:6      | Reached *** piety under Okawaru
  9254 | D:6      | HP: 3/60 [orc warrior/+0 mace (7)]
  9259 | D:6      | HP: 2/60 [orc warrior/+0 mace (7)]
  9261 | D:6      | Reached skill level 6 in Throwing
  9754 | D:6      | Learned a level 2 spell: Slow
 10198 | D:7      | Reached skill level 1 in Short Blades
 10198 | D:7      | Reached skill level 1 in Stealth
 10383 | D:7      | Reached skill level 1 in Translocations
 10676 | D:7      | Noticed Joseph
 10699 | D:7      | Gained mutation: When low on magic, you restore magic in
                  | place of health. [demonic ancestry]
 10699 | D:7      | Reached XP level 9. HP: 53/66 MP: 7/15
 10785 | D:7      | Killed Joseph
 10785 | D:7      | Reached **** piety under Okawaru
 11191 | D:7      | Received a gift from Okawaru
 11267 | D:7      | Reached skill level 5 in Fighting
 11267 | D:7      | Reached skill level 7 in Throwing
 11368 | D:7      | Found an iron altar of Okawaru.
 11411 | D:7      | Received a gift from Okawaru
 11696 | D:7      | Noticed Prince Ribbit
 11706 | D:7      | Killed Prince Ribbit
 11716 | D:7      | Reached ***** piety under Okawaru
 11811 | D:7      | Noticed Pikel
 11828 | D:7      | Killed Pikel
 11829 | D:7      | Reached XP level 10. HP: 50/75 MP: 4/16
 12905 | D:8      | Reached skill level 5 in Stealth
 13015 | D:8      | Found Sebloi's Mass Market.
 13169 | D:8      | Learned a level 2 spell: Poisonous Vapours
 13173 | D:8      | Learned a level 3 spell: Ignite Poison
 13312 | D:8      | Reached skill level 8 in Throwing
 13672 | D:8      | Received a gift from Okawaru
 13702 | D:8      | Reached skill level 5 in Short Blades
 14412 | D:8      | Reached skill level 1 in Poison Magic
 14848 | D:9      | Noticed a deep elf pyromancer
 15956 | D:9      | Found a staircase to the Orcish Mines.
 16128 | D:9      | Killed a deep elf pyromancer
 16128 | D:9      | Received a gift from Okawaru
 16393 | D:10     | Entered Level 10 of the Dungeon
 16489 | D:10     | Found a bloodstained altar of Trog.
 16497 | D:10     | Found a blossoming altar of Fedhas.
 16646 | D:10     | Reached XP level 11. HP: 38/83 MP: 5/17
 17103 | D:10     | Learned a level 4 spell: Olgreb's Toxic Radiance
 17186 | D:10     | Noticed Urug
 17192 | D:10     | Killed Urug
 17192 | D:10     | Received a gift from Okawaru
 17197 | D:10     | Reached skill level 1 in Transmutations
 17197 | D:10     | Reached skill level 5 in Poison Magic
 17339 | D:10     | Noticed a two-headed ogre
 17615 | D:10     | Found a staircase to the Lair.
 17622 | D:10     | Found a burning altar of Makhleb.
 17723 | Lair:1   | Entered Level 1 of the Lair of Beasts
 17813 | Lair:1   | Noticed an eight-headed hydra
 18097 | D:4      | Bought a +2 shortbow of freezing for 243 gold pieces
 18097 | D:4      | Bought a scroll of identify for 28 gold pieces
 18097 | D:4      | Bought a potion of heal wounds for 70 gold pieces
 18227 | Lair:1   | HP: 3/84 [eight-headed hydra (4)]
 18228 | Lair:1   | Slain by an eight-headed hydra

Illustrated notes

Levels and vault maps discovered:
D:1:      psy_arrival_fountain, layout_basic
D:2:      layout_loops_corners, serial_shops, nicolae_shop_crystal,
          shapermc_ecumenical_altar_venn, st_stairs_14, grunt_ministairs_4,
          hangedman_decor_lopped, uniq_jessica, uniq_crazy_yiuf_cottage
D:3:      layout_loops_ring, old_standard_altar
D:4:      minmay_general_purpose_star, layout_layer_cave, serial_bayou,
          serial_bayou_shore_a, serial_bayou_pond_c, serial_bayou_pond_a,
          serial_bayou_crossing, serial_shops, kennysheep_mini_moat,
          st_stairs_2, minivault_23
D:5:      layout_loops_ring, old_standard_altar
D:6:      layout_basic, nicolae_ru_sacrificial_ziggurat,
          minmay_temple_entry_ruins, amcnicky_mini_pool_medium, uniq_eustachio,
          uniq_grinder
D:7:      layout_loops_ring, okawaru_humans, uniq_joseph, uniq_prince_ribbit1,
          uniq_pikel
D:8:      layout_cave_pools, serial_co_window_serial, co_window_corner_a,
          co_window_paths_a, co_window_paths_b, co_window_paths_a,
          co_window_of_opportunity_a, co_window_paths_b,
          co_window_of_opportunity_a, co_window_paths_a, co_window_paths_b,
          co_window_unsneaky_path_b, co_window_broadway_b, co_window_corner_ca,
          co_window_paths_e, co_window_4corner_a, glass_columns_a,
          glass_columns_a, glass_columns_c, glass_columns_c,
          hangedman_abyss_or_decor_stabs, chequers_serial_rivers_micro_a,
          kennysheep_nondescript, minmay_shop_mass
D:9:      layout_roguey, orc_0_dummy
D:10:     layout_roguey, old_standard_altar, minitemple, lair_entry_dummy,
          minmay_misc_feat_chi, minmay_misc_feat_roman, uniq_urug
Lair:1:   dragon1_lemuel, layout_small_grid, serial_bayou_pond_d, uniq_maggie

Skill      XL: |  1  2  3  4  5  6  7  8  9 10 11 |
---------------+----------------------------------+-----
Throwing       | 2 3 4 5 6 7 8 |  8.0
Fighting       | 2 3 4 5 6 7 |  7.2
Fire Magic     | 1 2 |  2.0
Hexes          | 4 5 6 |  6.0
Spellcasting   | 2 3 4 |  4.1
Short Blades   | 1 4 6 7 |  7.2
Stealth        | 1 4 5 |  5.6
Translocations | 1 2 |  2.9
Poison Magic   | 4 5 |  5.3
Transmutations | 1 |  1.3
Dodging        | |  1.7

Action                   |  1- 3 |  4- 6 |  7- 9 | 10-12 || total
-------------------------+-------+-------+-------+-------++-------
Melee: Dagger            |   149 |   125 |   138 |   127 ||   539
       Kick              |    31 |    21 |    39 |    39 ||   130
       Punch             |       |       |     1 |       ||     1
Throw: Javelin           |    27 |    26 |    10 |    14 ||    77
       Throwing net      |     2 |     3 |     1 |       ||     6
       Dart              |       |    17 |    68 |    34 ||   119
       Boomerang         |       |       |    17 |    26 ||    43
 Cast: Inner Flame       |       |     7 |    31 |    36 ||    74
       Portal Projectile |       |       |     4 |     3 ||     7
       Slow              |       |       |     4 |     2 ||     6
       Ignite Poison     |       |       |       |     6 ||     6
       Poisonous Vapours |       |       |       |     4 ||     4
       Olgreb's Toxic Ra |       |       |       |     3 ||     3
Invok: Heroism           |       |     4 |     1 |     2 ||     7
  Use: Scroll            |     4 |     2 |     3 |    11 ||    20
       Potion            |       |     2 |     4 |     2 ||     8
 Stab: Sleeping          |     2 |     5 |       |     5 ||    12
       Held in net/web   |     1 |     1 |       |       ||     2
       Distracted        |     1 |       |       |       ||     1
Armor: Robe              |    32 |    43 |    50 |     5 ||   130
       Steam dragon scal |       |       |       |    82 ||    82
Dodge: Dodged            |   136 |   124 |   100 |   166 ||   526

Table legend: (Time is in decaauts)
 A = Elapsed time spent in this place.
 B = Non-inter-level travel time spent in this place.
 C = Inter-level travel time spent in this place.
 D = Time resting spent in this place.
 E = Time spent auto-exploring this place.
 F = Levels seen in this place.
 G = Mean time per level.
                   A        B        C        D        E       F      G
               +--------+--------+--------+--------+--------+-----+--------+
         Total |  18261 |  16702 |   1559 |   6902 |   6077 |  11 | 1660.1 |
       Dungeon |  18149 |  16590 |   1559 |   6860 |   6053 |  10 | 1814.9 |
          Lair |    112 |    112 |      0 |     42 |     24 |   1 |  112.0 |
               +--------+--------+--------+--------+--------+-----+--------+

Top non-repeatable levels by time:
     D:8: 3001 daAuts
     D:7: 2525 daAuts
     D:4: 1966 daAuts
     D:1: 1861 daAuts
     D:2: 1804 daAuts
     D:3: 1716 daAuts
     D:6: 1570 daAuts
     D:5: 1560 daAuts
    D:10: 1429 daAuts
     D:9: 712 daAuts
  Lair:1: 112 daAuts
